 Dungeon Crawl Stone Soup version 0.23.0 (webtiles) character file.

Game seed: 11938490411499194099

13628 Faca the Archer (level 11, -7/104 HPs)
             Began as a Centaur Chaos Knight on Feb 17, 2019.
             Was a Priest of Dithmenos.
             Mangled by a cyclops (26 damage)
             ... on level 11 of the Dungeon.
             The game lasted 00:34:42 (11828 turns).

Faca the Archer (Centaur Chaos Knight)             Turns: 11828, Time: 00:34:42

Health: -7/104     AC: 10    Str: 18    XL:     11   Next: 78%
Magic:  11/11      EV:  9    Int: 12    God:    Dithmenos [***...]
Gold:   771        SH:  0    Dex:  9    Spells: 10/10 levels left

rFire    . . .     SeeInvis .   y - +0 trident
rCold    . . .     Gourm    .   (no shield)
rNeg     . . .     Faith    .   E - +0 troll leather armour
rPois    .         Spirit   .   F - +2 hat {Int+3}
rElec    .         Reflect  .   (no cloak)
rCorr    +         Harm     .   (no gloves)
MR       .....                  (no barding)
Stlth    ..........             m - amulet of regeneration
HPRegen  1.07/turn              l - ring of resist corrosion
MPRegen  0.12/turn              r - +3 ring of protection

@: wreathed by umbra, very quick
A: large, claws 1, hooves 3, blurry vision 1, deformed body, dopey 1, speed 2,
tough skin 3
a: Shadow Step, Renounce Religion


You were on level 11 of the Dungeon.
You worshipped Dithmenos.
Dithmenos was most pleased with you.
You were not hungry.

You visited 2 branches of the dungeon, and saw 12 of its levels.

You collected 771 gold pieces.

Inventory:

Hand Weapons
 e - a +0 shortbow
 q - the +6 fustibalus of Fate {venom, rPois}
   (You found it on level 5 of the Dungeon)

   It poisons the ammo it fires.
   It protects you from poison.
 y - a +0 trident (weapon)
Missiles
 n - 218 arrows
 u - 74 sling bullets
 A - 65 stones (quivered)
Armour
 E - a +0 troll leather armour (worn)
 F - a +2 hat of intelligence (worn)
Jewellery
 l - a ring of resist corrosion (left claw)
 m - an amulet of regeneration (around neck)
 r - a +3 ring of protection (right claw)
 x - an uncursed amulet of the gourmand {unknown}
Wands
 a - a wand of acid (15)
 w - a wand of disintegration (7)
Scrolls
 d - a scroll of teleportation
 o - 9 scrolls of remove curse
 p - 4 scrolls of fear
 D - a scroll of blinking
 H - a scroll of magic mapping
Potions
 b - a potion of haste {unknown}
 f - 3 potions of cancellation
 g - 2 potions of mutation
 h - 5 potions of might
 i - 6 potions of curing
 k - 4 potions of lignification
 s - 6 potions of heal wounds
 t - a potion of berserk rage {unknown}
 v - a potion of resistance {unknown}
 B - 4 potions of flight
 C - a potion of brilliance
Comestibles
 c - 25 rations
 j - 4 chunks of flesh


   Skills:
 + Level 11.9 Fighting
 + Level 11.0 Polearms
 + Level 12.3 Bows
 - Level 1.3 Armour
 - Level 0.6 Dodging


You had 10 spell levels left.
You didn't know any spells.
Your spell library was empty.

Dungeon Overview and Level Annotations

Branches:
Dungeon (11/15)            Temple (1/1) D:7             Orc (0/2) D:10
   Lair: D:8-11

Altars:
Ashenzari
Cheibriados
Dithmenos
Elyvilon
Fedhas
Gozag
Kikubaaqudgha
Makhleb
Nemelex Xobeh
Okawaru
Sif Muna
Trog
Uskayaw
Vehumet
Wu Jian
Yredelemnul
Zin
The Shining One

Shops:
D:10 :

Annotations:
D:5 2 runed translucent doors
D:7 2 transporters


Innate Abilities, Weirdness & Mutations

You have hooves in place of feet.
Armour fits poorly on your strangely shaped body.
You cover ground very quickly.
You have extremely tough skin. (AC +3)
You have sharp fingernails.
Scrolls take you a little longer to read.
You are dopey. (Int -2)


Message History

The cyclops is severely wounded.
The cyclops hits you!
* * * LOW HITPOINT WARNING * * *
You hit the cyclops. You kick the cyclops, but do no damage.
The cyclops is severely wounded.
You hit the cyclops but do no damage.
The cyclops is severely wounded.
The cyclops closely misses you.
You hit the cyclops but do no damage.
The cyclops is severely wounded.
You hit the cyclops. You kick the cyclops!
The cyclops is almost dead.
The cyclops hits you!
* * * LOW HITPOINT WARNING * * *
You barely miss the cyclops.
The cyclops is almost dead.
You hit the cyclops but do no damage.
The cyclops is almost dead.
The cyclops hits you!!
You die...

≈.≈≈≈...
..........≈....≈.≈......
.................≈......
........................
........................
. ..>...................
.. ................)...
... #.C..........>.....
#...###@...##.# ###.....
#....(##.##.#####.....
###....#..............
##....#....##...)...
##...###..#........
#.........#.../...
###.......#......#
###...........##
#....##.........


You could see a cyclops.

Vanquished Creatures
  Gastronok (D:10)
  2 two-headed ogres
  Erica (D:10)
  An unseen horror (D:11)
  Pikel (D:5)
  An ugly thing (D:10)
  Joseph (D:7)
  A cyclops (D:9)
  A gargoyle (D:10)
  3 trolls
  Grinder (D:6)
  4 hippogriffs
  A spriggan (D:7)
  A basilisk (D:11)
  6 yaks (D:9)
  A vampire (D:10)
  An acid dragon (D:6)
  A soldier ant (D:11)
  3 ice beasts
  4 ogres
  An orc warrior (D:7)
  A necrophage (D:9)
  A wolf (D:11)
  2 phantoms
  A centaur (shapeshifter) (D:5)
  6 centaurs
  2 crocodiles (D:8)
  3 big kobolds
  4 bullfrogs
  A wyvern skeleton (D:11)
  2 scorpions
  6 killer bees
  5 wights (D:8)
  3 howler monkeys
  4 crimson imps
  A centaur zombie (D:9)
  2 hounds (D:11)
  4 jellies
  16 orc wizards
  4 orc priests
  4 bullfrog skeletons
  4 iguanas
  8 worker ants
  2 hound skeletons
  A worker ant zombie (D:9)
  2 howler monkey zombies (D:6)
  A howler monkey skeleton (D:6)
  13 adders
  4 shadow imps
  2 oozes
  An adder skeleton (D:4)
  6 worms
  A dart slug (D:5)
  12 leopard geckos
  34 orcs
  A ball python (D:2)
  5 giant cockroaches
  11 goblins
  4 hobgoblins
  10 jackals
  3 quokkas
  3 bats
  13 frilled lizards
  19 kobolds
  A quokka zombie (D:7)
  18 rats
288 creatures vanquished.

Vanquished Creatures (others)
  A slave (D:5)
  An ice beast (D:5)
  An orc (D:5)
3 creatures vanquished.

Grand Total: 291 creatures vanquished

Notes
Turn   | Place    | Note
-------+----------+-------------------------------------------
     0 | D:1      | Faca the Centaur Chaos Knight began the quest for the Orb.
     0 | D:1      | Reached XP level 1. HP: 19/19 MP: 1/1
    44 | D:1      | XOM: silly message
   125 | D:1      | XOM: harmless Tloc miscast
   185 | D:1      | Reached XP level 2. HP: 26/26 MP: 2/2
   198 | D:1      | XOM: harmless Air miscast
   512 | D:1      | XOM: harmless Summ miscast
   670 | D:1      | XOM: divination: magic mapping
   802 | D:2      | Reached XP level 3. HP: 31/31 MP: 3/3
  1108 | D:2      | Found a glowing golden altar of the Shining One.
  1151 | D:2      | Reached XP level 4. HP: 35/40 MP: 4/4
  1177 | D:2      | XOM: divination: detect items
  1825 | D:3      | Reached XP level 5. HP: 47/47 MP: 5/5
  2120 | D:3      | Found a sparkling altar of Nemelex Xobeh.
  2212 | D:3      | XOM: divination: magic mapping
  2688 | D:4      | Noticed a phantom
  2740 | D:3      | XOM: harmless Chrm miscast
  2897 | D:4      | Reached skill level 5 in Fighting
  2940 | D:4      | XOM: harmless Hex miscast
  3119 | D:4      | XOM: harmless Pois miscast
  3144 | D:4      | XOM: harmless Fire miscast
  3156 | D:4      | Killed a phantom
  3156 | D:4      | Reached XP level 6. HP: 47/56 MP: 6/6
  3184 | D:5      | Entered Level 5 of the Dungeon
  3272 | D:5      | Noticed Pikel
  3272 | D:5      | Noticed a slave
  3272 | D:5      | Noticed a slave
  3272 | D:5      | Noticed a slave
  3272 | D:5      | Noticed a slave
  3288 | D:5      | XOM: silly message
  3320 | D:5      | XOM: enchant monster (good)
  3323 | D:5      | XOM: divination: detect items
  3325 | D:5      | XOM: blink monster(s)
  3339 | D:5      | Killed Pikel
  3339 | D:5      | Reached XP level 7. HP: 28/64 MP: 7/7
  3441 | D:5      | Noticed a glowing shapeshifter
  3441 | D:5      | a leopard gecko changed into a glowing shapeshifter
  3441 | D:5      | Noticed an elephant
  3441 | D:5      | a glowing shapeshifter changed into an elephant
  3445 | D:5      | XOM: harmless Chrm miscast
  3445 | D:5      | Noticed a torpor snail
  3445 | D:5      | an elephant changed into a torpor snail
  3447 | D:5      | Noticed a shock serpent
  3447 | D:5      | a torpor snail changed into a shock serpent
  3449 | D:5      | Noticed an elephant
  3449 | D:5      | a shock serpent changed into an elephant
  3450 | D:5      | Noticed a komodo dragon
  3450 | D:5      | an elephant changed into a komodo dragon
  3452 | D:5      | XOM: noise
  3463 | D:5      | Noticed a troll
  3463 | D:5      | a komodo dragon changed into a troll
  3499 | D:5      | Noticed a human
  3500 | D:5      | XOM: destruction
  3500 | D:5      | a human changed into a warg
  3869 | D:5      | Found a large runed translucent door.
  3875 | D:5      | Reached skill level 1 in Bows
  3880 | D:5      | Reached XP level 8. HP: 37/73 MP: 8/8
  3885 | D:5      | XOM: mild Pois miscast
  3887 | D:5      | XOM: smoke on damage
  4087 | D:5      | Found a large runed translucent door.
  4092 | D:5      | XOM: cast spell 'Summon Small Mammal'
  4101 | D:5      | XOM: harmless Summ miscast
  4112 | D:5      | XOM: blink monster(s)
  4125 | D:5      | Reached skill level 2 in Bows
  4206 | D:5      | Found a large runed translucent door.
  4206 | D:5      | Found a large runed translucent door.
  4213 | D:5      | Got a transparent fustibalus
  4214 | D:5      | Identified the +6 fustibalus of Fate {venom, rPois} (You
                  | found it on level 5 of the Dungeon)
  4426 | D:5      | Reached skill level 3 in Bows
  4642 | D:6      | Reached skill level 4 in Bows
  4644 | D:6      | XOM: divination: magic mapping
  4761 | D:6      | XOM: potion effect (berserk rage)
  4874 | D:6      | Reached skill level 5 in Bows
  5136 | D:6      | Reached XP level 9. HP: 82/82 MP: 9/9
  5140 | D:6      | XOM: polymorph orc warrior -> acid dragon
  5144 | D:6      | XOM: cleaving
  5384 | D:6      | XOM: summons 4 hostile demons
  5540 | D:6      | Noticed Grinder
  5548 | D:6      | XOM: fog
  5553 | D:6      | Killed Grinder
  5553 | D:6      | Reached skill level 6 in Bows
  5630 | D:6      | XOM: noise
  5841 | D:6      | Got a pitted falchion
  5842 | D:6      | Identified the cursed +2 falchion of Uncomfortable Rashes
                  | {slice, +Blink +Rage Str-2} (You found it on level 6 of the
                  | Dungeon)
  5954 | D:7      | Found a radiant altar of Vehumet.
  6045 | D:7      | Found a transporter.
  6067 | D:7      | Found a transporter.
  6154 | D:7      | Found a basalt altar of Yredelemnul.
  6163 | D:7      | Noticed Joseph
  6178 | D:7      | Killed Joseph
  6322 | D:7      | Reached skill level 7 in Bows
  6436 | D:7      | XOM: harmless Chrm miscast
  6611 | D:7      | Found a staircase to the Ecumenical Temple.
  6620 | Temple   | Entered the Ecumenical Temple
  6706 | Temple   | XOM: cloud trail
  6726 | Temple   | Fell from the grace of Xom
  6726 | Temple   | Became a worshipper of Dithmenos the Shadowed
  6958 | D:8      | Noticed a two-headed ogre
  7419 | D:8      | Reached skill level 8 in Bows
  7457 | D:7      | XOM: medium Ice miscast
  7993 | D:8      | Reached XP level 10. HP: 50/92 MP: 10/10
  8013 | D:8      | Reached * piety under Dithmenos
  8200 | D:8      | Killed a two-headed ogre
  8259 | D:8      | Found an ancient bone altar of Kikubaaqudgha.
  8262 | D:8      | Found an iron altar of Okawaru.
  8265 | D:8      | Found an ornate altar of the Wu Jian Council.
  8346 | D:9      | Reached skill level 9 in Bows
  8357 | D:9      | Reached skill level 10 in Fighting
  8439 | D:9      | Found a glowing silver altar of Zin.
  8439 | D:9      | Found a shattered altar of Ashenzari.
  8439 | D:9      | Found an opulent altar of Gozag.
  8764 | D:9      | Noticed a two-headed ogre
  8779 | D:9      | Killed a two-headed ogre
  8779 | D:9      | Reached skill level 10 in Bows
  8925 | D:9      | Noticed a cyclops
  8936 | D:9      | Killed a cyclops
  9220 | D:9      | Found a hide-covered altar of Uskayaw.
  9409 | D:9      | XOM: blink monster(s)
  9431 | D:9      | Reached ** piety under Dithmenos
  9604 | D:10     | Entered Level 10 of the Dungeon
  9632 | D:10     | Reached skill level 10 in Polearms
  9845 | D:10     | Noticed Gastronok
  9871 | D:10     | Reached XP level 11. HP: 92/101 MP: 11/11
  9902 | D:10     | Killed Gastronok
  9902 | D:10     | Reached skill level 11 in Bows
  9996 | D:10     | Found a staircase to the Orcish Mines.
 10294 | D:10     | XOM: noise
 10308 | D:10     | Noticed Erica
 10324 | D:10     | Killed Erica
 10447 | D:10     | Found Rinapieg's Book Boutique.
 10510 | D:11     | Noticed a cyan ugly thing
 10530 | D:10     | Killed a cyan ugly thing
 10872 | D:11     | XOM: noise
 10897 | D:11     | Killed an unseen horror
 10920 | D:11     | Reached *** piety under Dithmenos
 10978 | D:11     | Reached skill level 12 in Bows
 11414 | D:10     | XOM: give mutations
 11414 | D:10     | Gained mutation: Scrolls take you a little longer to read.
                  | [Xom's mischief]
 11414 | D:10     | Gained mutation: You have sharp fingernails. [Xom's
                  | mischief]
 11414 | D:10     | Gained mutation: You are dopey. (Int -2) [Xom's mischief]
 11828 | D:11     | Mangled by a cyclops

Skill      XL: |  1  2  3  4  5  6  7  8  9 10 11 |
---------------+----------------------------------+-----
Polearms       | 3 4 6 7 8 10 11 | 11.0
Fighting       | 4 5 6 7 8 9 10 11 | 11.9
Bows           | 1 5 8 10 12 | 12.3
Armour         | |  1.3
Dodging        | |  0.6

Action                   |  1- 3 |  4- 6 |  7- 9 | 10-12 || total
-------------------------+-------+-------+-------+-------++-------
Melee: Spear             |   118 |   192 |   292 |       ||   602
       Kick              |     9 |    41 |   128 |    87 ||   265
       Trident           |       |       |   255 |   410 ||   665
 Fire: Fustibalus        |       |       |       |    99 ||    99
Evoke: Wand              |       |       |     4 |       ||     4
  Use: Scroll            |       |    12 |     3 |     4 ||    19
       Potion            |       |       |     2 |     2 ||     4
 Stab: Petrified         |       |     1 |     2 |       ||     3
       Petrifying        |       |     1 |     1 |       ||     2
       Confused          |       |     1 |       |       ||     1
       Paralysed         |       |       |     1 |       ||     1
  Eat: Chunk             |       |     5 |    13 |     8 ||    26
       Ration            |       |       |       |     1 ||     1
Armor: Ring mail         |    32 |    21 |       |       ||    53
       Leather armour    |       |    10 |   156 |    54 ||   220
       Troll leather arm |       |       |       |   121 ||   121
Dodge: Dodged            |    30 |    38 |   164 |   206 ||   438
